 Dungeon Crawl Stone Soup version 0.30-a0-715-gdb4ae3ece1 (webtiles) character file.

Game seed: 6789502261780765490

77 SkeletonJelly the Chopper (level 4, -1/35 HPs)
             Began as a Demonspawn Chaos Knight on Jan 24, 2023.
             Was a Plaything of Xom.
             Slain by a raiju (shapeshifter) (7 damage)
             ... on level 3 of the Dungeon.
             The game lasted 00:03:11 (2013 turns).

SkeletonJelly the Chopper (Demonspawn Chaos Knight) Turns: 2013, Time: 00:03:12

Health: -1/35      AC:  8    Str: 15    XL:     4   Next: 14%
Magic:  4/4        EV: 11    Int: 13    God:    Xom [..*...]
Gold:   86         SH:  0    Dex: 12    Spells: 3/3 levels left

rFire   . . .      SeeInvis .    a - +0 hand axe (freeze)
rCold   . . .      Faith    .    (no shield)
rNeg    . . .      Spirit   .    b - +2 leather armour
rPois   .          Reflect  .    (helmet restricted)
rElec   .          Harm     .    (no cloak)
rCorr   .          Rampage  .    i - +2 pair of gloves
Will    .....                    (no boots)
Stlth   +                        (no amulet)
HPRegen 0.25/turn                (no ring)
MPRegen 0.09/turn                (no ring)

@: mighty
A: hooves 1, horns 1, demonic guardian 1
a: Renounce Religion


You were on level 3 of the Dungeon.
You worshipped Xom.
You were a toy of Xom.
You visited 1 branch of the dungeon, and saw 3 of its levels.

You collected 86 gold pieces.

Inventory:

Hand Weapons
 a - a +0 hand axe of freezing (weapon)
Missiles
 m - 6 poisoned darts
Armour
 b - a +2 leather armour (worn)
 i - a +2 pair of gloves (worn)
Jewellery
 l - a ring of flight
Scrolls
 g - a scroll of fog
 h - 2 scrolls of amnesia {unknown}
 k - a scroll of teleportation {unknown}
 o - a scroll of identify {unknown}
Potions
 f - a potion of heal wounds {unknown}
 j - a potion of curing {unknown}
 n - a potion of haste {unknown}
 p - a potion of degeneration {unknown}
Miscellaneous
 c - a piece from Xom's chessboard (15/15) (quivered)


   Skills:
 - Level 3.0 Fighting
 + Level 4.6 Axes
 - Level 1.7 Armour
 - Level 0.8 Dodging


You had 3 spell levels left.
You didn't know any spells.
Your spell library contained the following spells:

 Spells                   Type           Power      Damage    Failure   Level
 Magic Dart               Conj           0%         1d3       36%         1
 Searing Ray              Conj           0%         2d4       50%         2
 Portal Projectile        Hex/Tloc       0%         N/A       75%         3
 Stone Arrow              Conj/Erth      0%         3d7       75%         3
 Tukima's Dance           Hex            0%         N/A       75%         3
 Animate Armour           Summ/Erth      0%         N/A       98%         4
 Fulminant Prism          Conj/Hex       0%         3d5       98%         4
 Blade Hands              Tmut           0%         N/A       100%        5
 Lehudib's Crystal Spear  Conj/Erth      0%         10d2      100%        8


Dungeon Overview and Level Annotations

Branches:
Dungeon (3/15)

Altars:

Shops:
D:2 *


Innate Abilities, Weirdness & Mutations

You have large cloven feet.
You have a pair of small horns on your head.
A weak demonic guardian rushes to your aid.


Message History

You are too injured to fight recklessly!
You are too injured to fight recklessly!
You are too injured to fight recklessly!
You are too injured to fight recklessly!
You are too injured to fight recklessly!
You are too injured to fight recklessly!
You are too injured to fight recklessly!
You are too injured to fight recklessly!
You are too injured to fight recklessly!
You are too injured to fight recklessly!
You are too injured to fight recklessly!
You are too injured to fight recklessly!
You are too injured to fight recklessly!
You are too injured to fight recklessly!
You are too injured to fight recklessly!
You are too injured to fight recklessly!
You are too injured to fight recklessly!
You are too injured to fight recklessly!
You are too injured to fight recklessly!
You are too injured to fight recklessly!
You are too injured to fight recklessly!
You are too injured to fight recklessly!
You are too injured to fight recklessly!
You are too injured to fight recklessly!
You are too injured to fight recklessly!
You are too injured to fight recklessly!
You are too injured to fight recklessly!
You are too injured to fight recklessly!
You are too injured to fight recklessly!
You are too injured to fight recklessly!
You are too injured to fight recklessly!
You are too injured to fight recklessly!
You are too injured to fight recklessly!
You are too injured to fight recklessly!
You are too injured to fight recklessly!
You are too injured to fight recklessly!
You are too injured to fight recklessly!
You are too injured to fight recklessly!
You are too injured to fight recklessly!
You are too injured to fight recklessly!
You are too injured to fight recklessly!
You are too injured to fight recklessly!
You are too injured to fight recklessly!
You are too injured to fight recklessly!
You are too injured to fight recklessly!
You are too injured to fight recklessly!
You are too injured to fight recklessly!
You swap places.
The raiju barely misses your ufetubus.
Your ufetubus barely misses the raiju. x2
You swap places.
Your ufetubus hits the raiju but does no damage.
Your ufetubus barely misses the raiju.
The raiju bites your ufetubus!
Your ufetubus dies!
Your ufetubus disappears in a puff of smoke!
The raiju bursts into living lightning!
The living lightning hits your goblin zombie!!
Your goblin zombie is destroyed!
The living lightning hits you.
* * * LOW HITPOINT WARNING * * *
The raiju blinks!
You see here a smoky inky potion.
You take 5 damage, and have 8/35 hp.
It was a potion of might.
You feel very mighty all of a sudden.
Xom thinks this is hilarious!
The raiju bites you!
* * * LOW HITPOINT WARNING * * *
The raiju shocks you!
You die... "What?
Wait, NO!"
Xom revives you!
You take 1 damage, and have 7/35 hp.
Unknown command.
Unknown command.
Unknown command.
Unknown command.
Unknown command.
Unknown command.
Unknown command.
Okay, then.
Unknown command.
As you read the scroll labelled XUOMUXA IVE, it crumbles to dust.
The scroll dissolves into smoke.
It was a scroll of fog.
The raiju bites you but does no damage.
As you read the scroll labelled FOHITUU QELENIJ, it crumbles to dust.
It is a scroll of brand weapon.
Your +0 hand axe of chaos is covered with a thin layer of ice!
a - a +0 hand axe of freezing (weapon)
The raiju barely misses you.
You hit the raiju. You freeze the raiju. You kick the raiju.
Your headbutt misses the raiju.
The raiju is moderately wounded.
The raiju bites you but does no damage.
You miss the raiju. Your kick misses the raiju.
The raiju is moderately wounded.
The raiju bites you.
* * * LOW HITPOINT WARNING * * *
The raiju shocks you!
You die...
Xom chortles!

#................#
###.#########.#..# #.#
#.#..# #.# #.#..#
######.#########.#..#
#...................##
#.####....######....#.
######.#######.# #>...#.
......§.§§@h##.######......
.#####.####§##.#........#..
#.# #§##.#.####..##.. #.#
#.##.....##..##.. #.#
#.##.###......... #.# #.##.#
#.##..##.. ##.##
#.##.###.##..##..
#.####...###.##.....##......
#............###.######.##..


You could see a raiju shaped shifter.

Vanquished Creatures
  3 adders
  A dart slug (D:1)
  An orc (D:3)
  3 bats
  4 endoplasms
  5 giant cockroaches
  6 goblins
  3 hobgoblins
  2 jackals (D:1)
  5 kobolds
  A quokka (D:1)
  4 ball pythons
  4 frilled lizards
  A rat (D:1)
43 creatures vanquished.

Vanquished Creatures (others)
  A goblin zombie (D:3)
  A withered plant (D:1)
2 creatures vanquished.

Grand Total: 45 creatures vanquished

Notes
Turn   | Place    | Note
-------+----------+-------------------------------------------
     0 | D:1      | SkeletonJelly the Demonspawn Chaos Knight began the quest
                  | for the Orb.
     0 | D:1      | Reached XP level 1. HP: 18/18 MP: 1/1
   137 | D:1      | XOM is BORED!
   137 | D:1      | XOM: silly message
   151 | D:1      | Reached skill level 3 in Axes
   183 | D:1      | Discovered your monstrous ancestry.
   183 | D:1      | Gained mutation: You have large cloven feet. [demonic
                  | ancestry]
   183 | D:1      | Reached XP level 2. HP: 22/24 MP: 2/2
   502 | D:1      | Found a faded altar of an unknown god.
   514 | D:1      | XOM: silly message
   555 | D:1      | Gained mutation: A weak demonic guardian rushes to your
                  | aid. [demonic ancestry]
   555 | D:1      | Reached XP level 3. HP: 28/29 MP: 3/3
  1367 | D:2      | Reached skill level 4 in Axes
  1550 | D:2      | Found Tiuphuem's Assorted Antiques.
  1695 | D:3      | Gained mutation: You have a pair of small horns on your
                  | head. [demonic ancestry]
  1695 | D:3      | Reached XP level 4. HP: 30/35 MP: 4/4
  2002 | D:3      | an endoplasm changed into a shapeshifter
  2002 | D:3      | Noticed a shapeshifter (shapeshifter)
  2002 | D:3      | a shapeshifter changed into a raiju
  2002 | D:3      | Noticed a raiju (shapeshifter)
  2009 | D:3      | Xom revived you
  2013 | D:3      | Slain by a raiju (shapeshifter)

Illustrated notes

Levels and vault maps discovered:
D:1:      nagdon_arrival_zigzag_paths, layout_basic,
          shapermc_ecumenical_altar_flowoftime, st_stairs_5
D:2:      layout_loops_ring, serial_shops, nicolae_shop_overgrown_old_shop,
          mrwooster_statue_mirror
D:3:      layout_loops_ring, st_stairs_12, minmay_fractal_squares_5

Skill      XL: |  1  2  3 |
---------------+----------+-----
Axes           | 3 4 |  4.6
Fighting       | |  3.0
Armour         | |  1.7
Dodging        | |  0.8

Action                     |  1- 3 |  4- 6 || total
---------------------------+-------+-------++-------
  Melee: Hand axe          |   117 |    21 ||   138
         Kick              |    13 |     4 ||    17
         Headbutt          |       |     5 ||     5
    Use: Scroll            |       |     2 ||     2
         Potion            |       |     1 ||     1
   Stab: Paralysed         |     7 |       ||     7
         Sleeping          |     1 |     2 ||     3
 Armour: Leather armour    |    49 |     7 ||    56
  Dodge: Dodged            |    63 |    10 ||    73

Table legend: (Time is in decaauts)
 A = Elapsed time spent in this place.
 B = Non-inter-level travel time spent in this place.
 C = Inter-level travel time spent in this place.
 D = Time resting spent in this place.
 E = Time spent auto-exploring this place.
 F = Levels seen in this place.
 G = Mean time per level.
                   A        B        C        D        E       F      G
               +--------+--------+--------+--------+--------+-----+--------+
         Total |   2027 |   1980 |     47 |      0 |   1649 |   3 |  675.7 |
       Dungeon |   2027 |   1980 |     47 |      0 |   1649 |   3 |  675.7 |
               +--------+--------+--------+--------+--------+-----+--------+

Top non-repeatable levels by time:
     D:1: 1041 daAuts
     D:2: 607 daAuts
     D:3: 378 daAuts
